AoeStats
← Malelf

Arena

509298930Analyzed
1v1 RM · 5d ago on Sep 26, 2026· 46m 19s· 2 players
Game mode
Random Map
Map size
Tiny (2 player)
Population
200
Speed
Normal
Resources
Standard
Victory
Conquest
Starting age
Dark Age
Ending age
Imperial Age
RankedLock teamsTeams togetherTeam positionsShared explorationLock speedFull tech treeHidden civsTurbo modeCheats
Victory
Defeat
🇮🇹 Italians · Italy
1724
+13
🇱🇻 Maya · Latvia
1650
-13
radna
10:50 Feudal Age
14:22 Castle Age
12:08 Double-Bit Axe
12:36 Horse Collar
15:22 Bow Saw
15:32 Squires
19:16 Sanctity
19:32 Eagle Warrior
21:14 Heavy Plow
22:25 Wheelbarrow
21:46 Stone Mining
22:15 Gold Mining
29:17 Imperial Age
26:52 Fletching
27:24 Ballistics
27:05 Pikeman
28:33 Stone Shaft Mining
27:52 Loom
28:22 Bodkin Arrow
29:16 Padded Archer Armor
29:50 Thumb Ring
30:00 Bracer
30:27 Conscription
30:46 Leather Archer Armor
31:30 Scale Mail Armor
31:47 Elite Eagle Warrior
33:26 Town Watch
34:14 Chain Mail Armor
35:26 Plate Mail Armor
36:21 Holcans
37:35 Halberdier
38:44 Forging
42:21 Elite Skirmisher
44:43 Hand Cart
Malelf
10:36 Feudal Age
12:03 Double-Bit Axe
12:07 Horse Collar
14:49 Castle Age
15:29 Scale Barding Armor
14:55 Light Cavalry
16:09 Bow Saw
20:02 Forging
22:46 Wheelbarrow
28:01 Imperial Age
26:12 Hand Cart
25:49 Loom
26:17 Gold Mining
26:20 Stone Mining
26:53 Heavy Plow
28:45 Bloodlines
29:49 Chemistry
29:09 Ballistics
28:55 Husbandry
28:49 Fletching
29:09 Elite Skirmisher
30:23 Guilds
31:15 Two-Man Saw
30:31 Bodkin Arrow
30:36 Padded Archer Armor
30:55 Cavalier
31:45 Bracer
32:58 Leather Archer Armor
33:03 Chain Barding Armor
33:23 Masonry
34:28 Crop Rotation
34:27 Conscription
35:31 Thumb Ring
35:58 Ring Archer Armor
36:05 Iron Casting
35:33 Town Watch
36:31 Stone Shaft Mining
38:54 Architecture
41:41 Plate Barding Armor
42:06 Blast Furnace
41:59 Hoardings
44:53 Man-at-Arms
45:34 Squires
45:21 Arson
45:49 Scale Mail Armor
Connection lost

Rejoining the realm…

Still unreachable

The connection could not be restored.

Session expired

The server has moved on; the page needs a fresh start.